 Dungeon Crawl Stone Soup version 0.29.1-12-g30fa7ad0bf (webtiles) character file.

Game seed: 14009957816270029102

210 hawla the Chiller (level 6, -1/45 HPs)
             Began as a Meteoran Ice Elementalist on Jan 9, 2023.
             Was an Initiate of Vehumet.
             Slain by a phantom (3 damage)
             ... on level 5 of the Dungeon.
             The game lasted 00:05:34 (966 turns).

hawla the Chiller (Meteoran Ice Elementalist)        Turns: 966, Time: 00:05:35

Health: -1/45      AC:  3    Str:  9    XL:     6   Next: 35%
Magic:  13/14      EV: 13    Int: 18    God:    Vehumet [......]
Gold:   101        SH:  0    Dex: 16    Spells: 10/14 levels left

rFire   . . .      SeeInvis +   n - +0 whip
rCold   . . .      Faith    .   (no shield)
rNeg    . . .      Spirit   .   a - +0 robe
rPois   .          Reflect  .   (no helmet)
rElec   .          Harm     .   b - +0 cloak
rCorr   .          Rampage  .   (no gloves)
Will    .....                   (no boots)
Stlth   +.........              (no amulet)
HPRegen 0.15/turn               i - ring of see invisible
MPRegen 0.14/turn               (no ring)

@: silenced, glowing
A: sense surroundings 1, otherworldly, glowing, explore regen
a: Renounce Religion


You were on level 5 of the Dungeon.
You worshipped Vehumet.
Vehumet was noncommittal.
You visited 1 branch of the dungeon, and saw 5 of its levels.

You collected 101 gold pieces.

Inventory:

Hand Weapons
 n - a +0 whip (weapon)
Armour
 a - a +0 robe (worn)
 b - a +0 cloak (worn)
Jewellery
 i - a ring of see invisible (left hand)
Wands
 j - a wand of flame (1)
Scrolls
 e - 2 scrolls of identify
 f - a scroll of magic mapping
 h - a scroll of amnesia {unknown}
 l - a scroll of brand weapon {unknown}
 m - a scroll of summoning {unknown}
 o - a scroll of fog {unknown}
Potions
 c - 4 potions of curing {unknown}
 d - 2 potions of brilliance {unknown}


   Skills:
 + Level 0.2 Fighting
 + Level 2.6 Dodging
 - Level 1.4 Stealth
 + Level 4.8 Spellcasting
 + Level 6.5 Ice Magic


You had 10 spell levels left.
You knew the following spells:

 Your Spells              Type           Power      Damage    Failure   Level
a - Freeze                Ice            100%       1d11      1%          1
b - Frozen Ramparts       Ice            54%        1d9       2%          3

Your spell library contained the following spells:

 Spells                   Type           Power      Damage    Failure   Level
 Ozocubu's Armour         Ice            27%        N/A       2%          3
 Hailstorm                Conj/Ice       16%        3d6       34%         4


Dungeon Overview and Level Annotations

Branches:
Dungeon (5/15) Zot: 2032
 Temple: D:4-7

Altars:
Makhleb
Vehumet

Annotations:
D:5 Dowan, Duvessa


Innate Abilities, Weirdness & Mutations

You passively map a small area around you.
You are easily found by Zot.
You glow in the dark.
You regain HP and MP as you explore.


Message History

The centaur zombie barely misses you. The hound zombie barely misses you.
The killer bee zombie closely misses you.
The phantom closely misses you. The centaur zombie hits you.
* * * LOW HITPOINT WARNING * * *
The centaur zombie kicks you but does no damage.
The hound zombie completely misses you.
The bullfrog skeleton hits you but does no damage.
You feel much better. The killer bee zombie hits you.
The centaur zombie hits you. The centaur zombie closely misses you.
The phantom completely misses you. The bullfrog skeleton hits you.
The hound zombie closely misses you. The killer bee zombie hits you.
As you read the scroll labelled SUTIRE TAVI, it crumbles to dust.
A profound silence engulfs you.
It was a scroll of silence.
The killer bee zombie closely misses you.
The centaur zombie hits you but does no damage.
The centaur zombie misses you.
The bullfrog skeleton barely misses you.
The hound zombie bites you but does no damage.
The phantom barely misses you. The killer bee zombie hits you.
* * * LOW HITPOINT WARNING * * *
You hit the phantom.
The phantom is moderately damaged.
The bullfrog skeleton hits you.
* * * LOW HITPOINT WARNING * * *
The centaur zombie hits you but does no damage.
The centaur zombie kicks you.
* * * LOW HITPOINT WARNING * * *
The hound zombie closely misses you. The killer bee zombie hits you.
* * * LOW HITPOINT WARNING * * *
The phantom completely misses you. The hound zombie barely misses you.
The centaur zombie hits you.
* * * LOW HITPOINT WARNING * * *
The centaur zombie misses you. The bullfrog skeleton hits you.
* * * LOW HITPOINT WARNING * * *
The killer bee zombie closely misses you.
You hit the phantom.
The phantom is moderately damaged.
The killer bee zombie hits you but does no damage.
The phantom hits you.
You die...

**,,,*,,,,,,...#....##....*****
***,,,,***,,,....#.........,,,**,
,*,,,,,,*,,,,.............,*,,,,,
,*,,,,,,**,*,............,,*,,,**
,,,,,,,,,,,*,#.....$....,,,,,,**
,,*,,,,,,.,..,.........#**,,,**
,,*,*,,,,.....*#.#Z....# *,,**
*,,,,,,,,.....##.ZZ...#* ****
,,,,,,,,,......W@ZZ...# *####
,,,,,,,,*..####.ZZ....#####...#
,,,,*,,,**####.........#.#....#*
,,,,,,,,*##.#..............#...#*
,,,,*,,**#.................#....#
**,,,,,,*#.......#...............
****,,***#.................#...##
**** *#..#...<..###......####
#..,#..Z.Z[....#....#


You could see a phantom, 3 hound zombies, a killer bee zombie, a centaur zombie,
a howler monkey zombie and a bullfrog skeleton.

Vanquished Creatures
  A scorpion (D:4)
  A crimson imp (D:4)
  An iguana (D:4)
  6 adders
  2 worms (D:4)
  3 dart slugs
  2 endoplasms
  2 giant cockroaches
  4 hobgoblins
  2 kobolds (D:4)
  A ball python (D:2)
  A bat (D:3)
  3 rats
29 creatures vanquished.

Vanquished Creatures (others)
  2 withered plants (D:5)
2 creatures vanquished.

Grand Total: 31 creatures vanquished

Notes
Turn   | Place    | Note
-------+----------+-------------------------------------------
     0 | D:1      | hawla the Meteoran Ice Elementalist began the quest for the
                  | Orb.
     0 | D:1      | Reached XP level 1. HP: 14/14 MP: 5/5
   159 | D:2      | Reached XP level 2. HP: 20/20 MP: 4/6
   236 | D:2      | Reached skill level 5 in Ice Magic
   236 | D:2      | Reached XP level 3. HP: 13/26 MP: 0/8
   241 | D:2      | Learned a level 3 spell: Frozen Ramparts
   296 | D:4      | Noticed a scorpion
   299 | D:4      | Reached XP level 4. HP: 33/33 MP: 3/10
   305 | D:4      | Killed a scorpion
   306 | D:4      | Reached skill level 6 in Ice Magic
   306 | D:4      | Reached XP level 5. HP: 25/38 MP: 8/12
   578 | D:4      | Found a radiant altar of Vehumet.
   578 | D:4      | Found a burning altar of Makhleb.
   584 | D:4      | Reached XP level 6. HP: 43/45 MP: 7/13
   590 | D:4      | Became a worshipper of Vehumet
   702 | D:5      | Entered Level 5 of the Dungeon
   868 | D:5      | Noticed Duvessa
   868 | D:5      | Noticed Dowan
   965 | D:5      | HP: 1/45 [bullfrog skeleton (2)]
   966 | D:5      | Slain by a phantom

Illustrated notes

Levels and vault maps discovered:
D:1:      saegor_arrival_under_anarchy, layout_loops_corners,
          minmay_fountain_box
D:2:      layout_loops_ring, uniq_crazy_yiuf_cottage
D:3:      layout_basic, chequers_ecumenical_altar_lobes,
          chequers_serial_rivers_marsh, grunt_decor_resistance
D:4:      layout_rooms, grunt_temple_overflow_lords_of_destruction,
          kennysheep_generic_room_7
D:5:      layout_cave_pools, serial_undead, serial_undead_f, serial_undead_b,
          serial_undead_e, serial_undead_a, serial_undead_e, serial_undead_a,
          uniq_edmund, uniq_duvessa

Skill      XL: |  1  2  3  4 |
---------------+-------------+-----
Spellcasting   | 3 4 |  4.8
Ice Magic      | 5 6 |  6.5
Fighting       | |  0.2
Dodging        | |  2.6
Stealth        | |  1.4

Action                   |  1- 3 |  4- 6 || total
-------------------------+-------+-------++-------
Melee: Unarmed           |     2 |     6 ||     8
       Punch             |       |     1 ||     1
       Whip              |       |    18 ||    18
 Cast: Freeze            |    24 |    23 ||    47
       Frozen Ramparts   |     1 |     9 ||    10
  Use: Potion            |       |     2 ||     2
       Scroll            |       |     3 ||     3
Armor: Robe              |     2 |    21 ||    23
Dodge: Dodged            |    10 |    47 ||    57
